 Dungeon Crawl Stone Soup version 0.26-a0-752-gcff87cac9a (webtiles) character file.

Game seed: 16165121196478621338

3096 robertstho the Covered (level 9, 0/82 HPs)
             Began as a Deep Dwarf Fighter on Nov 6, 2020.
             Was a Priest of Makhleb.
             Slain by a komodo dragon (15 damage)
             ... on level 7 of the Dungeon.
             The game lasted 00:10:27 (5239 turns).

robertstho the Covered (Deep Dwarf Fighter)         Turns: 5239, Time: 00:10:27

Health: 0/82       AC: 20    Str: 23    XL:     9   Next: 59%
Magic:  10/10      EV:  9    Int:  9    God:    Makhleb [***...]
Gold:   240        SH:  5    Dex: 12    Spells: 8/8 levels left

rFire    . . .     SeeInvis .   B - +0 hand axe
rCold    . . .     Faith    .   m - +0 buckler {rPois}
rNeg     . . .     Spirit   .   a - +0 plate armour
rPois    +         Reflect  .   c - +1 helmet
rElec    .         Harm     .   x - scarf {shadows}
rCorr    .         Rampage  .   r - +0 pair of gloves
MR       +....                  y - +2 pair of boots
Stlth    ..........             u - amulet of the acrobat
HPRegen  0.00/turn              (no ring)
MPRegen  0.12/turn              (no ring)

@: non-regenerating
A: damage resistance, heal wounds, sense surroundings 2, no regeneration
a: Heal Wounds, Minor Destruction, Lesser Servant of Makhleb, Renounce Religion


You were on level 7 of the Dungeon.
You worshipped Makhleb.
Makhleb was most pleased with you.
You visited 1 branch of the dungeon, and saw 7 of its levels.
You also visited: Sewer.

You collected 422 gold pieces.
You spent 182 gold pieces at shops.

Inventory:

Hand Weapons
 h - a +0 spear of flaming
 p - a +1 vorpal spear
 B - a +0 hand axe (weapon)
Armour
 a - a +0 plate armour (worn)
 c - a +1 helmet (worn)
 m - a +0 buckler of poison resistance (worn)
 r - a +0 pair of gloves (worn)
 x - a scarf of shadows (worn)
 y - a +2 pair of boots (worn)
 D - a +2 helmet
Jewellery
 u - an amulet of the acrobat (around neck)
Wands
 t - a wand of paralysis (6)
Scrolls
 b - 2 scrolls of blinking {unknown}
 d - a scroll of holy word
 e - 3 scrolls of teleportation
 g - 3 scrolls of remove curse
 k - a scroll of magic mapping {unknown}
 q - 2 scrolls of fog {unknown}
 s - 3 scrolls of amnesia {unknown}
 v - a scroll of enchant weapon {unknown}
 A - a scroll of random uselessness {unknown}
 C - a scroll of noise {unknown}
Potions
 f - 3 potions of mutation
 i - a potion of heal wounds {unknown}
 j - 2 potions of invisibility
 l - 3 potions of flight
 n - 4 potions of curing
 o - 2 potions of ambrosia
 w - 2 potions of haste
 z - a potion of cancellation


   Skills:
 * Level 5.9 Fighting
 * Level 3.2(5.2) Axes
 - Level 5.4(5.7) Polearms
 * Level 7.6 Armour
 * Level 5.3 Dodging
 + Level 0.8 Stealth
 + Level 5.6 Shields
 * Level 6.0 Invocations


You had 8 spell levels left.
You didn't know any spells.
Your spell library was empty.

Dungeon Overview and Level Annotations

Branches:
Dungeon (7/15)             Temple (0/1) D:5           Sewer (visited)

Altars:
Dithmenos
Hepliaklqana
Makhleb
Ru
Uskayaw
Vehumet
Beogh

Shops:
D:4 (**[}   D:7 [

Annotations:
D:4 good armour shop 264 vampiric broad axe


Innate Abilities, Weirdness & Mutations

You are resistant to damage.
You can heal yourself by infusing magical energy.
You passively map the area around you.
You do not regenerate.


Message History

The komodo dragon is lightly wounded.
The komodo dragon barely misses you.
You hit the komodo dragon.
The komodo dragon is moderately wounded.
The komodo dragon bites you but does no damage.
You hit the komodo dragon but do no damage.
The komodo dragon is moderately wounded.
The komodo dragon bites you!
You slash the komodo dragon!
The komodo dragon is heavily wounded.
You block the komodo dragon's attack.
You closely miss the komodo dragon.
The komodo dragon is heavily wounded.
The komodo dragon bites you!
You barely miss the komodo dragon.
The komodo dragon is heavily wounded.
The komodo dragon bites you!!
* * * LOW HITPOINT WARNING * * *
A demon appears!
The komodo dragon bites you!
You die...

#.#
#.#§§§§§§§§§#.#..####.#
###.####
#..§§§§...§§..........##
.......#
#...§.§§..§§..##..##...#
.......#
#...§§§§..§§..###.##....
.......#
###§§§§§§§§§#...#.......
.......#
####§§§§§§§##...........
.......###.###§§3§§#
#..>####.###
...........#*##§.§##
##... .|..* .......#####
#.@.#,* ......#,
.......# #l....#, ..._.
, .......# *, .........#
*, .......# ...........#
* ######## #...........#
* * #...........#
............# * ** * * ,


You could see a komodo dragon and a friendly neqoxec (summoned).

Vanquished Creatures
  Pikel (D:5)
  Grinder (D:3)
  3 orc warriors
  2 phantoms
  2 ogres (D:6)
  The ghost of LufLufFighter the Magician, an amateur DsTm (D:3)
  3 centaurs
  4 bullfrogs
  A water moccasin zombie (D:5)
  2 scorpions (D:4)
  2 howler monkeys
  A centaur zombie (D:6)
  2 hounds (D:4)
  A jelly (D:5)
  4 orc priests
  5 orc wizards
  A centaur skeleton (D:4)
  Jessica (D:2)
  Terence (D:2)
  2 iguanas
  6 worker ants
  A hound skeleton (D:7)
  A howler monkey zombie (D:6)
  9 adders
  10 gnolls
  2 white imps (D:6)
  10 oozes
  4 worms
  13 leopard geckos
  21 orcs
  8 ball pythons
  14 giant cockroaches
  5 goblins
  7 hobgoblins
  5 jackals
  8 kobolds
  4 quokkas
  2 bats (D:2)
  18 frilled lizards
  A jackal zombie (D:6)
  A quokka skeleton (D:6)
  6 rats
196 creatures vanquished.

Notes
Turn   | Place    | Note
-------+----------+-------------------------------------------
     0 | D:1      | robertstho the Deep Dwarf Fighter began the quest for the
                  | Orb.
     0 | D:1      | Reached XP level 1. HP: 20/20 MP: 1/1
    77 | D:1      | Reached XP level 2. HP: 25/27 MP: 2/2
   721 | D:2      | Reached skill level 1 in Dodging
   738 | D:2      | Noticed Terence
   741 | D:2      | Reached XP level 3. HP: 31/33 MP: 3/3
   748 | D:2      | Killed Terence
   929 | D:2      | Found a burning altar of Makhleb.
   963 | D:2      | Reached skill level 1 in Polearms
   963 | D:2      | Reached XP level 4. HP: 34/42 MP: 4/4
  1105 | D:2      | Noticed Jessica
  1115 | D:2      | Killed Jessica
  1115 | D:2      | Reached skill level 4 in Armour
  1382 | D:2      | Became a worshipper of Makhleb the Destroyer
  1412 | D:3      | Noticed a bullfrog
  1417 | D:3      | Noticed Grinder
  1418 | D:3      | Killed a bullfrog
  1418 | D:3      | Reached XP level 5. HP: 37/49 MP: 5/5
  1423 | D:3      | Reached skill level 1 in Invocations
  1454 | D:3      | Killed Grinder
  1454 | D:3      | Reached XP level 6. HP: 34/56 MP: 5/7
  1613 | D:3      | Found a glowing drain.
  1617 | Sewer    | Entered a sewer
  1743 | Sewer    | Reached * piety under Makhleb
  2009 | Sewer    | Reached skill level 5 in Armour
  2009 | Sewer    | Reached XP level 7. HP: 60/63 MP: 8/8
  2194 | D:3      | Found a runed translucent gate.
  2195 | D:3      | Found a runed translucent gate.
  2296 | D:3      | Noticed LufLufFighter's ghost (amateur DsTm)
  2298 | D:3      | Found a runed translucent gate.
  2306 | D:3      | Found a roughly hewn altar of Beogh.
  2367 | D:3      | Reached ** piety under Makhleb
  2386 | D:3      | Found a sacrificial altar of Ru.
  2520 | D:3      | Killed LufLufFighter's ghost
  2614 | D:4      | Found Reher's Antique Armour Boutique.
  2651 | D:4      | Found Orreakhlu's Gadget Shoppe.
  2666 | D:4      | Found Yhibi's Assorted Antiques.
  2679 | D:4      | Bought a scroll of identify for 56 gold pieces
  2740 | D:4      | Found Finyac's Weapon Boutique.
  2794 | D:4      | Reached XP level 8. HP: 72/72 MP: 9/9
  2837 | D:4      | Reached skill level 6 in Armour
  2959 | D:4      | Found Kabazeaq's General Store.
  2986 | D:4      | Bought a potion of curing for 36 gold pieces
  2986 | D:4      | Bought a scroll of holy word for 90 gold pieces
  3244 | D:4      | Reached skill level 5 in Shields
  3521 | D:5      | Entered Level 5 of the Dungeon
  3810 | D:5      | Reached *** piety under Makhleb
  3865 | D:5      | Found a radiant altar of Vehumet.
  3941 | D:5      | Found a staircase to the Ecumenical Temple.
  3989 | D:5      | Noticed Pikel
  4017 | D:5      | Killed Pikel
  4017 | D:5      | Reached skill level 5 in Fighting
  4017 | D:5      | Reached skill level 5 in Polearms
  4017 | D:5      | Reached skill level 5 in Invocations
  4017 | D:5      | Gained mutation: You passively map the area around you.
                  | [Deep Dwarf growth]
  4017 | D:5      | Reached XP level 9. HP: 49/81 MP: 9/9
  4221 | D:5      | Found a hazy altar of Hepliaklqana.
  4555 | D:6      | Reached skill level 7 in Armour
  4636 | D:6      | Reached skill level 5 in Dodging
  5007 | D:7      | Found Isahyl's Armour Shoppe.
  5183 | D:7      | Found a hide-covered altar of Uskayaw.
  5195 | D:7      | Found a shadowy altar of Dithmenos.
  5214 | D:7      | Noticed a komodo dragon
  5239 | D:7      | Slain by a komodo dragon

Illustrated notes

Levels and vault maps discovered:
D:1:      dpeg_arrival_simpleton_b, layout_loops_ring
D:2:      layout_loops_cross, lightli_temple_of_fire, minmay_split_cup_small,
          uniq_terence, uniq_jessica
D:3:      layout_rooms, nicolae_ru_sacrificial_ziggurat,
          biasface_ghost_orc_armoury, gup_sewer_entry_bowl, uniq_grinder
D:4:      layout_cave_pods, serial_shops, nicolae_shop_crystal, shop_coins,
          shop_fountains, shop_statue, shop
D:5:      layout_layer_cave, lemuel_round_altar, lemuel_coloured_pillars_altar,
          minmay_temple_entry_junction, guppyfry_early_orc_mine, uniq_pikel
D:6:      layout_rooms
D:7:      layout_rooms, nicolae_dithmenos_the_darkroom,
          nicolae_tso_besieged_by_evil, basic_altar, serial_shops,
          nicolae_shop_temple_entry_statues_fountains, uniq_harold

Skill      XL: |  1  2  3  4  5  6  7  8  9 |
---------------+----------------------------+-----
Dodging        | 1 2 3 4 5 |  5.3
Fighting       | 3 4 5 |  5.9
Polearms       | 1 2 3 5 |  5.4
Armour         | 4 5 6 7 |  7.6
Invocations    | 2 3 5 6 |  6.0
Shields        | 4 5 |  5.6
Axes           | 3 |  3.2
Stealth        | |  0.8

Action                   |  1- 3 |  4- 6 |  7- 9 || total
-------------------------+-------+-------+-------++-------
Melee: War axe           |    18 |       |       ||    18
       Spear             |   114 |   350 |   596 ||  1060
       Hand axe          |       |       |    75 ||    75
Invok: Lesser Servant of |       |       |     1 ||     1
 Abil: Heal Wounds       |       |     3 |     8 ||    11
  Use: Scroll            |       |     4 |     7 ||    11
       Potion            |       |     1 |       ||     1
Armor: Scale mail        |    56 |    20 |       ||    76
       Plate armour      |       |   168 |   359 ||   527
Dodge: Dodged            |    39 |   103 |   232 ||   374
Block: Kite shield       |    51 |    10 |       ||    61
       Buckler           |       |    81 |   147 ||   228

Table legend: (Time is in decaauts)
 A = Elapsed time spent in this place.
 B = Non-inter-level travel time spent in this place.
 C = Inter-level travel time spent in this place.
 D = Time resting spent in this place.
 E = Time spent auto-exploring this place.
 F = Levels seen in this place.
 G = Mean time per level.
                   A        B        C        D        E       F      G
               +--------+--------+--------+--------+--------+-----+--------+
         Total |   5232 |   5001 |    231 |      0 |   3261 |   8 |  654.0 |
       Dungeon |   4739 |   4508 |    231 |      0 |   3158 |   7 |  677.0 |
         Sewer |    493 |    493 |      0 |      0 |    103 |   1 |  493.0 |
               +--------+--------+--------+--------+--------+-----+--------+

Top non-repeatable levels by time:
     D:5: 962 daAuts
     D:4: 915 daAuts
     D:2: 743 daAuts
     D:3: 717 daAuts
     D:1: 684 daAuts
   Sewer: 493 daAuts
     D:6: 461 daAuts
     D:7: 255 daAuts
